 Dungeon Crawl Stone Soup version 0.30.1-1-g62c8e00024 (webtiles) character file.

Game seed: 2647069695643217208

98 Gorgoleon the Conjurer (level 4, 0/27 (33) HPs)
             Began as a Draconian Conjurer on July 16, 2023.
             Slain by a wight
             ... wielding a +0 dagger
              (3 damage)
             ... on level 3 of the Dungeon.
             The game lasted 00:07:53 (2651 turns).

Gorgoleon the Conjurer (Draconian Conjurer)         Turns: 2651, Time: 00:07:54

HP:   0/27 (33)     AC:  6    Str:  9    XL:     4   Next: 44%
MP:   1/7           EV: 12    Int: 21    God:
Gold: 158           SH:  0    Dex:  9    Spells: 0/7 levels left

rFire   . . .        k - +0 falchion
rCold   . . .        (no shield)
rNeg    . . .        (body armour unavailable)
rPois   .            (helmet restricted)
rElec   .            m - +0 cloak
rCorr   .            (no gloves)
SInv    .            (no boots)
Will    .....        (no amulet)
Stlth   ++           (no ring)
HPRegen 0.24/turn    (no ring)
MPRegen 0.10/turn

%: no passive effects
@: heavily drained
A: AC +5, unfitting armour, cold-blooded
a: no special abilities


You were on level 3 of the Dungeon.
You visited 1 branch of the dungeon, and saw 4 of its levels.

You collected 158 gold pieces.

Inventory:

Hand Weapons
 i - the +5 war axe of Lumamor {distort, rPois}
   (You took it off a goblin on level 2 of the Dungeon)

   rPois:     It protects you from poison.
 k - a +0 falchion (weapon)
Armour
 m - a +0 cloak (worn)
Scrolls
 b - a scroll of silence {unknown}
 c - a scroll of enchant weapon
 d - a scroll of immolation {unknown}
 g - 2 scrolls of teleportation
 l - a scroll of amnesia {unknown}
Potions
 a - a potion of magic
 e - 3 potions of curing
 f - a potion of flight
 h - a potion of mutation
 j - a potion of berserk rage


   Skills:
 - Level 2.0 Dodging
 - Level 1.7 Stealth
 - Level 2.0 Spellcasting
 + Level 5.9 Conjurations


You couldn't memorise any spells.
You knew the following spells:

 Your Spells              Type           Power      Damage    Failure   Level
a - Magic Dart            Conj           100%       1d8       1%          1
b - Searing Ray           Conj           52%        2d6       1%          2
c - Fulminant Prism       Conj/Hex       7%         3d7       41%         4

Your spell library contained the following spells:

 Spells                   Type           Power      Damage    Failure   Level
 Dazzling Flash           Conj/Hex       28%        N/A       13%         3
 Iskenderun's Mystic Bla  Conj/Tloc      14%        2d5       41%         4


Dungeon Overview and Level Annotations

Branches:
Dungeon (4/15)
 Temple: D:4-7

Altars:

Shops:
D:1 [[


Innate Abilities, Weirdness & Mutations

Your plain brown scales are hard. (AC +5)
You cannot fit into any form of body armour.
You are cold-blooded and may be slowed by cold attacks.


Message History

The wight hits you with a +0 dagger!
Aiming: Magic Dart (safe; 1% risk of failure)
Press: ? - help, Q - select action, (/) - cycle Shift-Dir - straight line, f/p - wight
Aim: a wight, wielding a +0 dagger and wearing a +0 robe (lightly damaged, 100% to hit)
The magic dart hits the wight but does no damage.
The wight is lightly damaged.
The wight hits you with a +0 dagger.
You feel drained.
You closely miss the wight.
Your tail-slap misses the wight.
The wight is lightly damaged.
The wight barely misses you.
You barely miss the wight.
The wight is lightly damaged.
The wight hits you with a +0 dagger.
You feel drained. The wight barely misses you.
You closely miss the wight.
The wight is lightly damaged.
The wight hits you with a +0 dagger.
You feel drained.
You hit the wight but do no damage.
You tail-slap the wight, but do no damage.
The wight is lightly damaged.
The wight barely misses you.
You barely miss the wight.
You tail-slap the wight, but do no damage.
The wight is lightly damaged.
The wight hits you with a +0 dagger.
* * * LOW HITPOINT WARNING * * *
The wight hits you but does no damage.
You hit the wight but do no damage.
The wight is lightly damaged.
The wight hits you with a +0 dagger.
* * * LOW HITPOINT WARNING * * *
You feel drained.
* * * LOW HITPOINT WARNING * * *
You closely miss the wight.
The wight is lightly damaged.
The wight misses you.
You closely miss the wight.
The wight is lightly damaged.
The wight hits you with a +0 dagger.
You die...

#..........
########...
##.....'...
###..#####...
##########...## #...
#..........### #...
#.........## ####
#.....z...############
#....@....'...........
#.........##.#.#######
#.........##.#........
#.........##.#........
#.........##.#<.......
#.........##.#........
#.........##'#........
#.........#..........#
#.........#..........#


You could see a wight.

Vanquished Creatures
  A hound (D:3)
  An adder (D:4)
  2 dart slugs (D:1)
  2 worms (D:3)
  4 orcs
  3 endoplasms
  3 giant cockroaches (D:3)
  4 goblins
  A hobgoblin (D:1)
  2 jackals (D:3)
  4 quokkas
  5 ball pythons
  2 bats (D:1)
  A frilled lizard (D:3)
  8 kobolds
  A rat (D:1)
44 creatures vanquished.

Notes
Turn   | Place    | Note
-------+----------+-------------------------------------------
     0 | D:1      | Gorgoleon the Draconian Conjurer began the quest for the
                  | Orb.
     0 | D:1      | Reached XP level 1. HP: 14/14 MP: 3/3
   284 | D:1      | Found Saagaoh's Antique Armour Shoppe.
   367 | D:1      | Reached XP level 2. HP: 18/20 MP: 0/5
   607 | D:1      | Found a faded altar of an unknown god.
   755 | D:1      | Found Qorchyre's Armour Emporium.
   824 | D:1      | Learned a level 2 spell: Searing Ray
   968 | D:2      | Identified the +5 war axe of Lumamor {distort, rPois}
  1711 | D:3      | Reached XP level 3. HP: 26/26 MP: 1/6
  1720 | D:3      | Reached skill level 5 in Conjurations
  2119 | D:3      | Reached XP level 4. HP: 28/33 MP: 2/7
  2124 | D:3      | Learned a level 4 spell: Fulminant Prism
  2634 | D:4      | Noticed a phantom
  2651 | D:3      | Slain by a wight

Illustrated notes

Levels and vault maps discovered:
D:1:      ebering_trefoil_3fold, layout_rooms, serial_shops, shop,
          nicolae_shop_competitors_out_of_business, basic_ecumenical_altar
D:2:      layout_basic, minivault_24
D:3:      layout_basic
D:4:      layout_basic, nzn_overflow_gifts_of_might_and_magic,
          marbit_many_paths, st_stairs_5, uniq_grinder

Skill      XL: |  1  2  3 |
---------------+----------+-----
Conjurations   | 5 |  5.9
Dodging        | 2 |  2.0
Stealth        | |  1.7
Spellcasting   | |  2.0

Action                     |  1- 3 |  4- 6 || total
---------------------------+-------+-------++-------
  Melee: Unarmed           |     9 |       ||     9
         Falchion          |    27 |    10 ||    37
         Tailslap          |     6 |     2 ||     8
   Cast: Magic Dart        |    65 |    27 ||    92
    Use: Scroll            |     7 |       ||     7
 Armour: Skin              |    13 |     1 ||    14
  Dodge: Dodged            |    33 |    10 ||    43
